 Dungeon Crawl Stone Soup version 0.32-a0-711-g016ad743e0 (webtiles) character file.

Game seed: 16762373644494511031

47355 runemasterragnar the Warrior (level 14, -5/113 HPs)
             Began as an Octopode Shapeshifter on Mar 14, 2024.
             Was an Initiate of Gozag.
             Killed from afar by a fire giant (54 damage)
             ... with a bolt of fire
             ... on level 13 of the Dungeon on Mar 15, 2024.
             The game lasted 00:37:49 (20539 turns).

runemasterragnar the Warrior (OpSh)                Turns: 20539, Time: 00:37:50

Health: -5/113     AC:  8    Str: 20    XL:     14   Next: 41%
Magic:  21/21      EV: 18    Int: 27    God:    Gozag
Gold:   3656       SH: 10    Dex: 13    Spells: 2/22 levels left

rFire   . . .        t - +9 dagger of Resourcefulness {protect, Str+3 Int+2}
rCold   . . .        T - +2 kite shield "Geast" {Will++}
rNeg    + . .        (helmet restricted)
rPois   .            (no amulet)
rElec   .            A - +5 ring of evasion
rCorr   +            D - +6 ring of dexterity
SInv    .            F - +6 ring of intelligence
Will    +++..        a - ring of Wisdom {rN+ rCorr Int+6 Dex-5 Stlth+}
Stlth   +++++++      (no ring)
HPRegen 0.38/turn    (no ring)
MPRegen 0.17/turn    (no ring)
                     (no ring)

%: no passive effects
@: maw-form, under a protective aura
A: devouring maw, almost no armour, amphibious, 8 rings, camouflage 1,
gelatinous body 1, (nimble swimmer 1), tentacles
a: Begin Untransformation, Renounce Religion, Potion Petition, Call Merchant,
Bribe Branch


You were on level 13 of the Dungeon.
You worshipped Gozag.
Gozag was most pleased with you.
You were a creature with a mouth for a stomach.
You visited 3 branches of the dungeon, and saw 17 of its levels.
You also visited: Bailey.

You collected 3766 gold pieces.
You paid 110 gold pieces to Gozag.

Inventory:

Hand Weapons
 e - a +5 triple crossbow of freezing
 t - the +9 dagger of Resourcefulness (weapon) {protect, Str+3 Int+2}
   (You found it on level 4 of the Dungeon)

   Str+3:     It affects your strength (+3).
   Int+2:     It affects your intelligence (+2).
 K - the +1 great mace of Begicverch {freeze, Will+ Int+4}
   (You found it on level 2 of the Lair of Beasts)

   Int+4:     It affects your intelligence (+4).
   Will+:     It increases your willpower.
Missiles
 u - 10 boomerangs (quivered)
 I - 7 throwing nets
Armour
 T - the +2 kite shield "Geast" (worn) {Will++}
   (You acquired it on level 11 of the Dungeon)

   Will++:    It greatly increases your willpower.
Magical Staves
 O - a staff of conjuration
 P - a staff of death
Jewellery
 a - the ring of Wisdom (on tentacle) {rN+ rCorr Int+6 Dex-5 Stlth+}
   (You took it off a centaur on level 11 of the Dungeon)

   [ring of intelligence]

   Int+6:     It affects your intelligence (+6).
   Dex-5:     It affects your dexterity (-5).
   rN+:       It protects you from negative energy.
   rCorr:     It protects you from acid and corrosion.
   Stlth+:    It makes you more stealthy.
 A - a +5 ring of evasion (left tentacle)
 D - a +6 ring of dexterity (right tentacle)
 F - a +6 ring of intelligence (on tentacle)
Talismans
 b - a beast talisman
 c - a flux talisman
 L - a maw talisman (active)
Wands
 q - a wand of light (2)
 v - a wand of polymorph (6)
 w - a wand of charming (4)
 y - a wand of digging (6)
 J - a wand of flame (26)
Scrolls
 d - 2 scrolls of vulnerability
 g - 6 scrolls of teleportation
 i - 4 scrolls of poison
 l - 7 scrolls of enchant weapon
 s - 4 scrolls of revelation
 x - 4 scrolls of immolation
 B - a scroll of summoning
 C - 4 scrolls of fog
 G - a scroll of amnesia
 H - a scroll of torment
 M - a scroll of brand weapon
 N - a scroll of enchant armour
Potions
 f - 6 potions of might
 h - 12 potions of curing
 j - 2 potions of invisibility {unknown}
 m - 3 potions of attraction
 n - 3 potions of degeneration
 o - 4 potions of mutation
 p - a potion of brilliance
 r - 3 potions of enlightenment
 z - 2 potions of magic
 Q - a potion of haste
 S - a potion of lignification
 U - a potion of resistance {unknown}
Miscellaneous
 R - a condenser vane


   Skills:
 - Level 16.4 Fighting
 - Level 6.4 Dodging
 - Level 13.1 Stealth
 * Level 2.0 Shields
 - Level 4.2 Unarmed Combat
 + Level 4.6 Spellcasting
 * Level 4.7 Conjurations
 - Level 5.2 Summonings
 - Level 3.8 Translocations
 * Level 6.6 Fire Magic
 - Level 6.0 Evocations
 - Level 10.5 Shapeshifting


You had 2 spell levels left.
You knew the following spells:

 Your Spells              Type           Power      Damage    Failure   Level
a - Magic Dart            Conj           100%       1d8       2%          1
b - Blink                 Tloc           52%        N/A       6%          2
c - Call Imp              Summ           68%        N/A       3%          2
d - Call Canine Familiar  Summ           34%        N/A       7%          3
e - Summon Blazeheart Go  Fire/Summ      38%        N/A       17%         4
f - Foxfire               Conj/Fire      100%       2x1d9     1%          1
g - Apportation           Tloc           52%        N/A       4%          1
h - Starburst             Conj/Fire      18%        6d7       96%         6

Your spell library contained the following spells:

 Spells                   Type           Power      Damage    Failure   Level
 Summon Small Mammal      Summ           100%       N/A       2%          1
 Sting                    Conj/Alch      76%        1d7       8%          1
 Necrotise                Necr           24%        1d5       19%         1
 Sigil of Binding         Hex            6%         N/A       50%         3
 Dimensional Bullseye     Hex/Tloc       8%         N/A       65%         4
 Plasma Beam              Fire/Air       12%        2x1d23    100%        6
 Haunt                    Necr/Summ      10%        N/A       100%        7
 Infestation              Necr           3%         N/A       100%        8
 Animate Dead             Necr           Unusable   N/A       N/A         4

Dungeon Overview and Level Annotations

Branches:
Dungeon (13/15)            Temple (1/1) D:5            Lair (3/5) D:10
  Swamp (0/4) Lair:3        Snake (0/4) Lair:2          Orc (0/2) D:11
 Vaults (0/5) D:13         Bailey (visited)

Altars:
Ashenzari
Cheibriados
Dithmenos
Elyvilon
Fedhas
Gozag
Hepliaklqana
Kikubaaqudgha
Makhleb
Nemelex Xobeh
Okawaru
Qazlal
Ru
Sif Muna
Trog
Uskayaw
Vehumet
Wu Jian
Xom
Yredelemnul
Zin
The Shining One
Beogh

Shops:
D:8 [   D:11 *

Annotations:
D:3 1 runed translucent door, Crazy Yiuf
D:8 1 runed translucent door, dcgchant's ghost, novice MDFi


Innate Abilities, Weirdness & Mutations

You are a creature with a mouth for a stomach.
Your midsection houses a second, enormous mouth.
You cannot wear most types of armour.
You are amphibious.
You can wear up to eight rings at the same time.
Your skin changes colour to match your surroundings (Stealth+).
Your rubbery body absorbs attacks. (AC +1, EV +1)
((You are camouflaged when in or above water. (Stealth+)))
You have tentacles for arms and can constrict up to eight enemies at once.


Message History

The fire giant points at you and mumbles some strange words.
The bolt of fire hits you!!! The fire giant casts a spell at you.
The fireball explodes!
The fireball engulfs you!!
The fireball engulfs the fire giant!
The fire giant resists.
Aiming: Bolt of Light
Press: ? - help, Shift-Dir - straight line, f - fire giant
Aim: a fire giant, wielding a +0 great sword of flaming (heavily wounded, 94% to hit)
The bolt of light hits the fire giant!
The fire giant is severely wounded.
The fire giant is blinded.
The fire giant completely misses you.
Unknown command.
You puncture the fire giant! Your bite misses the fire giant.
The fire giant is severely wounded.
The fire giant points at you and mumbles some strange words.
The fireball explodes!
The fireball engulfs you!!
* * * LOW HITPOINT WARNING * * *
The fireball engulfs the fire giant.
The fire giant resists.
Unknown command.
Okay, then.
Okay, then.
Casting: Summon Blazeheart Golem (dangerous; 17% risk of failure)
Confirm with . or Enter, or press ? or * to list all spells.
Okay, then.
You feel much better. You block the fire giant's attack.
Aiming: Bolt of Light
Press: ? - help, Shift-Dir - straight line, f/p - fire giant
Aim: a fire giant, wielding a +0 great sword of flaming (severely wounded, blind, unable to see you, 94% to hit)
The bolt of light hits the fire giant!
The fire giant is almost dead.
The fire giant is no longer blind.
You block the fire giant's attack.
Unknown command.
Unknown command.
You hit the fire giant but do no damage.
Your bite misses the fire giant.
The fire giant is almost dead.
The fire giant gestures at you while chanting.
The bolt of fire hits you!!!
You die...
Your body crumbles into a pile of gold.

#...# #..# #.###
#...# #..# #...##
#...####..# #.#..#
#........#### ####.#
#...#######†###.##.#
#...# #.......#.#
#...# #.)†...'.#
#...# #.†∩.ß.'.#
#...# #W.....'.#
#...# #C......###
#...# ##†###.##
#...# #########
#...# #..# #..#
#...# #..# #..#
#...# #..# #..#
#...# #..# #..#
#...# #..# #..#


You could see a fire giant.

Vanquished Creatures
  A hydra (Lair:2)
  Harold (D:11)
  8 two-headed ogres
  4 boulder beetles
  Amaemon (D:8)
  2 orc knights
  A deep elf pyromancer (D:11)
  2 manticores (D:11)
  7 cyclopes
  An ugly thing (D:11)
  6 elephants (Lair:2)
  2 black mambas
  Maggie (D:6)
  2 gargoyles
  An orange demon (D:8)
  5 cane toads
  Jeremiah (D:6)
  6 komodo dragons
  2 kobold demonologists (D:11)
  3 rime drakes
  2 trolls
  6 blink frogs
  5 slime creatures
  4 shadows (D:11)
  15 yaks
  6 wyverns
  A wraith (D:9)
  A basilisk (Lair:1)
  2 steam dragons (D:8)
  10 vampire mosquitoes
  Menkaure (D:7)
  Edmund (D:6)
  A swamp worm (Lair:3)
  3 water moccasins
  2 acid dragons (D:12)
  A meliai simulacrum (D:11)
  2 laughing skulls (D:13)
  2 ice beasts (D:7)
  4 black bears
  15 orc warriors
  2 sky beasts (D:7)
  7 centaurs
  3 ogres (D:5)
  Blork the orc (D:5)
  3 kobold brigands
  2 gnoll sergeants
  5 bullfrogs
  2 scorpions
  8 wights
  A killer bee (D:11)
  2 howler monkeys
  An electric eel (Lair:1)
  2 bombardier beetles
  A quasit (D:7)
  2 jellies
  6 hounds
  4 orc priests
  2 gnoll boudas (D:5)
  Terence (D:2)
  7 iguanas
  6 hell rats
  11 orc wizards
  7 adders
  6 gnolls
  13 river rats
  3 shadow imps (D:7)
  4 white imps
  4 ufetubi (D:7)
  A ribbon worm (D:2)
  2 dart slugs (D:4)
  46 orcs
  4 endoplasms
  3 giant cockroaches
  9 goblins
  8 hobgoblins
  9 jackals
  20 kobolds
  4 quokkas
  4 ball pythons
  4 bats
  6 rats
377 creatures vanquished.

Vanquished Creatures (collateral kills)
  A hydra (D:11)
  A centaur warrior (D:11)
  A troll (D:11)
  A shadow (D:11)
  A wraith (D:11)
  A wyvern (D:11)
  2 centaurs (D:11)
  A killer bee (D:11)
9 creatures vanquished.

Vanquished Creatures (others)
  A freezing wraith (D:11)
  A troll (D:11)
  A wraith (D:11)
  A vampire mosquito (D:11)
  An acid dragon (D:11)
  An orc warrior (D:11)
  2 blazeheart cores
8 creatures vanquished.

Grand Total: 394 creatures vanquished

Notes
Turn   | Place    | Note
-------+----------+-------------------------------------------
     0 | D:1      | runemasterragnar the Octopode Shapeshifter began the quest
                  | for the Orb.
     0 | D:1      | Reached XP level 1. HP: 13/13 MP: 1/1
   135 | D:1      | Reached XP level 2. HP: 18/18 MP: 2/2
   237 | D:1      | Reached skill level 1 in Stealth
   463 | D:1      | Upgraded the game from 0.32-a0-699-g1ee5eff69a to
                  | 0.32-a0-711-g016ad743e0
   669 | D:1      | Reached XP level 3. HP: 16/23 MP: 3/3
  1282 | D:2      | Noticed Terence
  1286 | D:2      | Killed Terence
  1287 | D:2      | Reached XP level 4. HP: 11/29 MP: 4/4
  1807 | D:3      | Noticed a black bear
  2158 | D:3      | Reached skill level 2 in Fighting
  2408 | D:3      | Killed a black bear
  2409 | D:3      | Reached XP level 5. HP: 25/34 MP: 5/5
  2460 | D:3      | Found a runed translucent door.
  2461 | D:3      | Noticed Crazy Yiuf
  2795 | D:4      | Reached XP level 6. HP: 41/41 MP: 6/6
  3008 | D:4      | Identified the +9 dagger of Resourcefulness {protect, Str+3
                  | Int+2}
  3101 | D:4      | Found a glowing silver altar of Zin.
  3101 | D:4      | Found a sparkling altar of Nemelex Xobeh.
  3104 | D:4      | Found a snail-covered altar of Cheibriados.
  3154 | D:4      | Found a roughly hewn altar of Beogh.
  3522 | D:4      | Reached skill level 1 in Evocations
  3538 | D:4      | Reached skill level 3 in Fighting
  3538 | D:4      | Reached XP level 7. HP: 45/46 MP: 7/7
  3788 | D:5      | Entered Level 5 of the Dungeon
  3788 | D:5      | Noticed Blork the orc
  3797 | D:5      | Killed Blork the orc
  3809 | D:5      | Reached skill level 5 in Shapeshifting
  4038 | D:5      | Reached XP level 8. HP: 54/54 MP: 8/8
  4061 | D:5      | Reached skill level 4 in Fighting
  4424 | D:5      | Found a staircase to the Ecumenical Temple.
  4494 | Temple   | Entered the Ecumenical Temple
  4610 | D:5      | Reached skill level 5 in Stealth
  4654 | D:5      | Found an opulent altar of Gozag.
  4714 | D:5      | Became a worshipper of Gozag Ym Sagoz the Greedy
  5457 | D:6      | Reached skill level 5 in Fighting
  5479 | D:6      | Noticed Edmund
  5498 | D:6      | Killed Edmund
  5654 | D:6      | Noticed Jeremiah
  5661 | D:6      | Killed Jeremiah
  5662 | D:6      | Reached XP level 9. HP: 61/61 MP: 9/9
  5664 | D:6      | Noticed Maggie
  5673 | D:6      | Killed Maggie
  5674 | D:6      | Reached skill level 5 in Dodging
  5948 | D:7      | Reached skill level 6 in Fighting
  6363 | D:7      | Noticed Menkaure
  6370 | D:7      | Killed Menkaure
  6917 | D:8      | Reached XP level 10. HP: 61/69 MP: 10/10
  6959 | D:8      | Reached skill level 5 in Evocations
  7059 | D:8      | Found a runed translucent door.
  7060 | D:8      | Found a shimmering altar of Xom.
  7060 | D:8      | Noticed dcgchant's ghost (novice MDFi)
  7060 | D:8      | Noticed a +1 hand axe of chaos
  7099 | D:8      | Found Cheibriados's Comfort Zone.
  7101 | D:8      | Found a snail-covered altar of Cheibriados.
  7136 | D:8      | Found a flagged portal.
  7147 | D:8      | Reached skill level 7 in Fighting
  7175 | Bailey   | Entered a bailey
  7457 | Bailey   | Noticed an orc knight
  7495 | Bailey   | Killed an orc knight
  7685 | D:8      | Noticed Amaemon
  7685 | D:8      | Noticed an orange demon
  7691 | D:8      | Killed an orange demon
  7692 | D:8      | Reached skill level 8 in Fighting
  7698 | D:8      | Killed Amaemon
  7699 | D:8      | Reached skill level 9 in Fighting
  8485 | D:8      | Reached skill level 10 in Fighting
  8676 | D:9      | Reached XP level 11. HP: 76/82 MP: 11/11
  8862 | D:9      | Noticed a two-headed ogre
  8875 | D:9      | Killed a two-headed ogre
  8876 | D:9      | Reached skill level 11 in Fighting
  8876 | D:9      | Reached skill level 10 in Stealth
  8999 | D:9      | Noticed a two-headed ogre
  9005 | D:9      | Killed a two-headed ogre
  9006 | D:9      | Reached skill level 12 in Fighting
  9167 | D:9      | Found a shadowy altar of Dithmenos.
  9235 | D:9      | Found a broken altar of Ashenzari.
  9479 | D:10     | Entered Level 10 of the Dungeon
  9988 | D:10     | Found a staircase to the Lair.
 10008 | D:10     | Reached skill level 13 in Fighting
 10725 | D:10     | Reached skill level 14 in Fighting
 10725 | D:10     | Reached skill level 10 in Shapeshifting
 10725 | D:10     | Reached XP level 12. HP: 89/97 MP: 12/12
 10937 | D:10     | Reached skill level 15 in Fighting
 11061 | D:10     | Found an iron altar of Okawaru.
 11335 | D:11     | Noticed an eight-headed hydra
 11337 | D:11     | Noticed a centaur warrior
 11345 | D:11     | Killed an eight-headed hydra
 11352 | D:11     | Killed a centaur warrior
 11353 | D:11     | Reached skill level 16 in Fighting
 11372 | D:11     | Noticed a boulder beetle
 11429 | D:11     | Identified the staff "Jafieh" {rC+ Str+2 Ice}
 11429 | D:11     | Identified the ring of Wisdom {rN+ rCorr Int+6 Dex-5
                  | Stlth+}
 11438 | D:11     | Killed a boulder beetle
 11439 | D:11     | Reached XP level 13. HP: 56/106 MP: 13/13
 11997 | Lair:1   | Entered Level 1 of the Lair of Beasts
 12558 | Lair:1   | Learned a level 1 spell: Magic Dart
 12561 | Lair:1   | Learned a level 2 spell: Blink
 12564 | Lair:1   | Learned a level 2 spell: Call Imp
 12734 | Lair:1   | Reached skill level 1 in Translocations
 12738 | Lair:1   | Learned a level 3 spell: Call Canine Familiar
 12743 | Lair:1   | Learned a level 4 spell: Summon Blazeheart Golem
 12864 | Lair:2   | Learned a level 1 spell: Foxfire
 13001 | Lair:2   | Reached skill level 1 in Spellcasting
 13129 | Lair:2   | Reached skill level 1 in Summonings
 13129 | Lair:2   | Reached skill level 1 in Fire Magic
 13765 | Lair:2   | Found a staircase to the Snake Pit.
 13800 | Lair:2   | Identified the +1 great mace of Begicverch {freeze, Will+
                  | Int+4}
 15645 | Lair:3   | Found a staircase to the Swamp.
 16453 | D:11     | Reached skill level 5 in Fire Magic
 16534 | D:11     | Reached skill level 5 in Summonings
 16662 | D:11     | Learned a level 1 spell: Apportation
 16721 | D:11     | Reached XP level 14. HP: 88/113 MP: 17/19
 16838 | D:12     | Found a snail-covered altar of Cheibriados.
 16890 | D:12     | Reached skill level 1 in Conjurations
 18777 | D:11     | Found Hakhes's Demolitions Depot.
 18789 | D:11     | Found a staircase to the Orcish Mines.
 18912 | D:11     | Identified a scroll of acquirement
 18913 | D:11     | Acquired the +2 kite shield "Geast" {Will++}
 19160 | D:11     | Learned a level 6 spell: Starburst
 19248 | D:11     | Found a sparkling altar of Nemelex Xobeh.
 19299 | D:11     | Noticed Harold
 19305 | D:11     | Killed Harold
 19306 | D:11     | Reached skill level 1 in Shields
 20526 | D:13     | Found a gate to the Vaults.
 20527 | D:13     | Noticed a fire giant
 20539 | D:13     | Killed from afar by a fire giant

Illustrated notes

Levels and vault maps discovered:
D:1:      amcnicky_arrival_double_pillar, layout_loops_corners
D:2:      layout_loops_ring, minmay_goblin_kobold_house, uniq_terence
D:3:      layout_basic, uniq_crazy_yiuf_cottage
D:4:      minmay_opposing_rooms, layout_loops_ring,
          gammafunk_temple_overflow_forgotten, kennysheep_orc_chapel
D:5:      layout_basic, nicolae_gozag_cash_rules_everything_around_me,
          temple_green, minmay_quadrilaterals, uniq_blork_the_orc
D:6:      layout_loops_cross, chequers_decorated_corner, minmay_misc_feat_cross,
          minmay_statues_item, uniq_maggie, uniq_jeremiah, uniq_edmund
D:7:      layout_gridville, serial_demonic, serial_demonic_d, serial_demonic_f,
          serial_demonic_a, serial_demonic_c, serial_demonic_f,
          serial_demonic_e, grunt_decor_junction, st_stairs_7,
          grunt_ministairs_10, uniq_menkaure
D:8:      layout_gridville, ebering_ghost_xom, enter_bailey_3,
          minmay_misc_feat_five, chequers_serial_rivers_marsh, minmay_shop_chei,
          uniq_amaemon
D:9:      layout_cave_pools, ashenzari_conservatory_becter,
          mainiacjoe_overflow_24_doors
D:10:     layout_loops_ring, hellmonk_okawaru_the_only_friend_you_need,
          dpeg_lair_monsters
D:11:     minmay_the_grid_octo_tiled_octocenter [minmay_the_grid_octo_empty,
          minmay_the_grid_octo_checkerflower, minmay_the_grid_octo_empty,
          minmay_the_grid_octo_focus, minmay_the_grid_octo_prize_star,
          minmay_the_grid_square_5x5_broken_cross,
          minmay_the_grid_square_5x5_mess, minmay_the_grid_square_5x5_hourglass,
          minmay_the_grid_square_5x5_beaten_path], layout_gridville,
          hangedman_decor_growths, nicolae_blasting_shop,
          nemelex_spade_bored_becter, uniq_harold
D:12:     layout_loops_ring, cheibriados_altar_1
D:13:     layout_long_grid, hellmonk_vaults_attempted_burglary
Temple:   hellmonk_temple_of_storms
Lair:1:   layout_roguey, kennysheep_rathole, serial_bayou_shore_a
Lair:2:   layout_roguey, dummy_snake_entry, kennysheep_abandoned_house
Lair:3:   layout_big_grid, palyth_hydra_swamp_entry, nicolae_lair_lakeside_cave,
          serial_bayou_shore_b

Skill      XL: |  1  2  3  4  5  6  7  8  9 10 11 12 13 14 |
---------------+-------------------------------------------+-----
Stealth        | 1 2 3 4 6 7 9 11 12 13 | 13.1
Fighting       | 2 3 5 6 10 14 16 | 16.4
Unarmed Combat | 4 |  4.2
Shapeshifting  | 4 5 6 7 8 10 | 10.5
Dodging        | 3 4 5 6 |  6.4
Evocations     | 1 2 3 4 5 6 |  6.0
Translocations | 3 |  3.8
Spellcasting   | 3 4 |  4.6
Summonings     | 5 |  5.2
Fire Magic     | 5 6 |  6.6
Conjurations   | 4 |  4.7
Shields        | 2 |  2.0

Action                     |  1- 3 |  4- 6 |  7- 9 | 10-12 | 13-15 || total
---------------------------+-------+-------+-------+-------+-------++-------
  Melee: Unarmed           |    46 |    50 |     3 |       |       ||    99
         Constrict         |    11 |    32 |    35 |    48 |    44 ||   170
         Tentacles         |     4 |    18 |    37 |    66 |   123 ||   248
         Punch             |     2 |     1 |       |       |       ||     3
         Dagger            |       |    33 |   135 |   253 |   405 ||   826
         Maw               |       |       |       |       |    31 ||    31
  Throw: Boomerang         |       |       |       |    10 |    10 ||    20
   Cast: Summon Blazeheart |       |       |       |       |     6 ||     6
         Blink             |       |       |       |       |     1 ||     1
         Call Canine Famil |       |       |       |       |     1 ||     1
  Evoke: Wand              |       |       |     3 |    17 |    29 ||    49
    Use: Scroll            |       |     8 |     8 |     3 |    10 ||    29
         Potion            |       |       |       |     6 |     2 ||     8
   Stab: Sleeping          |    10 |     7 |    11 |    14 |    26 ||    68
         Invisible         |       |       |     2 |     1 |     3 ||     6
         Distracted        |       |       |       |     1 |     8 ||     9
 Armour: Skin              |    18 |    37 |    64 |   156 |   186 ||   461
  Dodge: Dodged            |    24 |    40 |   130 |   222 |   343 ||   759
  Block: Kite shield       |       |       |       |       |    20 ||    20
   Form: Beast             |       |       |     1 |       |       ||     1
         Flux              |       |       |     1 |       |       ||     1
         Maw               |       |       |       |       |     1 ||     1

Table legend: (Time is in decaauts)
 A = Elapsed time spent in this place.
 B = Non-inter-level travel time spent in this place.
 C = Inter-level travel time spent in this place.
 D = Time resting spent in this place.
 E = Time spent auto-exploring this place.
 F = Levels seen in this place.
 G = Mean time per level.
                   A        B        C        D        E       F      G
               +--------+--------+--------+--------+--------+-----+--------+
         Total |  20548 |  20015 |    533 |   4282 |  12175 |  18 | 1141.6 |
       Dungeon |  16174 |  15770 |    404 |   3053 |  10070 |  13 | 1244.2 |
        Temple |     16 |     16 |      0 |      0 |      0 |   1 |   16.0 |
          Lair |   4012 |   3884 |    128 |   1229 |   1903 |   3 | 1337.3 |
        Bailey |    344 |    344 |      0 |      0 |    202 |   1 |  344.0 |
               +--------+--------+--------+--------+--------+-----+--------+

Top non-repeatable levels by time:
    D:11: 2533 daAuts
  Lair:2: 2191 daAuts
    D:10: 2140 daAuts
     D:5: 1582 daAuts
    D:13: 1396 daAuts
     D:8: 1355 daAuts
     D:3: 1036 daAuts
     D:4: 1031 daAuts
    D:12: 982 daAuts
     D:7: 967 daAuts
  Lair:3: 943 daAuts
     D:1: 893 daAuts
     D:9: 888 daAuts
  Lair:1: 877 daAuts
     D:2: 819 daAuts
